 Dungeon Crawl Stone Soup version 0.31-a0-431-g88bdf31460 (webtiles) character file.

Game seed: 11726128051394007996

1943 cforsyth the Charlatan (level 9, -2/100 HPs)
             Began as a Gnoll Artificer on Aug 1, 2023.
             Slain by Joseph
             ... wielding a +0 quarterstaff
              (11 damage)
             ... on level 7 of the Dungeon.
             The game lasted 00:17:20 (7034 turns).

cforsyth the Charlatan (Gnoll Artificer)            Turns: 7034, Time: 00:17:21

Health: -2/100     AC: 24    Str: 20 (22) XL:     9   Next: 18%
Magic:  15/15      EV:  2    Int: 11 (14) God:
Gold:   177        SH:  0    Dex:  5 (7)  Spells: 16/16 levels left

rFire   . . .        a - +7 spear of the Shark {vamp, rElec Str+7 Int+2 Dex-5}
rCold   . . .        (no shield)
rNeg    . . .        y - melded +0 plate armour
rPois   +            (helmet currently unavailable)
rElec   +            (cloak currently unavailable)
rCorr   +            v - melded +0 pair of gloves
SInv    +            s - melded +0 pair of boots
Will    .....        (no amulet)
Stlth   ++           k - ring of see invisible
HPRegen 0.36/turn    l - ring of resist corrosion
MPRegen 0.14/turn

%: no passive effects
@: tree-form
A: stationary, stasis, torment immunity, boosted hp, (fangs 1), strong nose,
distributed training
a: no special abilities


You were on level 7 of the Dungeon.
You were a tree.
You visited 2 branches of the dungeon, and saw 8 of its levels.

You collected 449 gold pieces.
You spent 272 gold pieces at shops.

Inventory:

Hand Weapons
 a - the +7 spear of the Shark (weapon) {vamp, rElec Str+7 Int+2 Dex-5}
   (You found it on level 4 of the Dungeon)

   Str:       It affects your strength (+7).
   Int:       It affects your intelligence (+2).
   Dex:       It affects your dexterity (-5).
   rElec:     It insulates you from electricity.
 n - a +3 short sword
Missiles
 z - 27 poisoned darts
Armour
 g - a +1 chain mail of cold resistance
 s - a +0 pair of boots (melded)
 v - a +0 pair of gloves (melded)
 y - a +0 plate armour (melded)
Jewellery
 j - a ring of fire
 k - a ring of see invisible (left branch)
 l - a ring of resist corrosion (right branch)
 r - a ring of fire
Scrolls
 b - a scroll of poison {unknown}
 i - a scroll of revelation {unknown}
 o - a scroll of silence {unknown}
 q - 3 scrolls of teleportation {unknown}
 t - a scroll of torment {unknown}
 w - a scroll of noise {unknown}
 x - a scroll of amnesia {unknown}
 A - a scroll of enchant weapon {unknown}
Potions
 c - a potion of attraction
 f - a potion of haste
 h - 3 potions of lignification
 p - 4 potions of curing
 u - 3 potions of brilliance
 B - a potion of might {unknown}


   Skills:
 + Level 4.9 Fighting
 + Level 4.0 Short Blades
 + Level 4.0 Long Blades
 + Level 4.0 Axes
 + Level 4.0 Maces & Flails
 + Level 4.0 Polearms
 + Level 4.0 Staves
 + Level 4.0 Ranged Weapons
 + Level 4.0 Throwing
 + Level 6.2 Armour
 + Level 4.9 Dodging
 + Level 4.7 Stealth
 + Level 4.0 Shields
 + Level 4.0 Unarmed Combat
 + Level 4.0 Spellcasting
 + Level 3.3 Conjurations
 + Level 3.3 Hexes
 + Level 3.3 Summonings
 + Level 3.3 Necromancy
 + Level 3.3 Translocations
 + Level 3.3 Transmutations
 + Level 3.3 Fire Magic
 + Level 3.3 Ice Magic
 + Level 3.3 Air Magic
 + Level 3.3 Earth Magic
 + Level 3.3 Poison Magic
 + Level 4.5 Invocations
 + Level 7.8 Evocations
 + Level 3.3 Shapeshifting


You had 16 spell levels left.
You didn't know any spells.
Your spell library contained the following spells:

 Spells                   Type           Power      Damage    Failure   Level
 Freeze                   Ice            36%        1d5       6%          1
 Call Canine Familiar     Summ           9%         N/A       19%         3
 Dazzling Flash           Conj/Hex       18%        N/A       19%         3
 Frozen Ramparts          Ice            18%        1d3       19%         3
 Hailstorm                Conj/Ice       9%         3d4       19%         3
 Portal Projectile        Hex/Tloc       18%        N/A       19%         3
 Volatile Blastmotes      Fire/Tloc      18%        2d11      19%         3
 Leda's Liquefaction      Hex/Erth       4%         N/A       52%         4
 Starburst                Conj/Fire      4%         6d4       100%        6
 Maxwell's Capacitive Co  Air            4%         ∞         100%        8


Dungeon Overview and Level Annotations

Branches:
Dungeon (7/15)             Temple (1/1) D:5

Altars:
Cheibriados
Dithmenos
Elyvilon
Fedhas
Gozag
Kikubaaqudgha
Makhleb
Nemelex Xobeh
Okawaru
Qazlal
Ru
Sif Muna
Trog
Uskayaw
Vehumet
Wu Jian
Xom
Yredelemnul
Zin
The Shining One
Lugonu

Shops:
D:1 (   D:3 *

Annotations:
D:6 2 runed translucent doors, BillyBaka's ghost, novice VSMo
D:7 Joseph


Innate Abilities, Weirdness & Mutations

You are a tree.
Your roots penetrate the ground, keeping you stationary.
You cannot be teleported.
You are immune to unholy pain and torment.
Your maximum health is greatly increased.
Your equipment is partially melded.
((You have very sharp teeth.))
Your uncanny sense of smell can sniff out nearby items.
Your experience applies equally to all skills.


Message History

You barely miss Joseph.
Joseph is lightly wounded.
You hit Joseph but do no damage.
Joseph is lightly wounded.
Joseph hits you but does no damage.
You hit Joseph.
You feel better.
Joseph is lightly wounded.
Joseph hits you with a +0 quarterstaff.
* * * LOW HITPOINT WARNING * * *
You hit Joseph.
You feel better.
Joseph is moderately wounded.
Joseph shouts, "I love to fight!
I love killing!"
Joseph hits you with a +0 quarterstaff.
* * * LOW HITPOINT WARNING * * *
You barely miss Joseph. Your punch misses Joseph.
Joseph is moderately wounded.
Joseph hits you but does no damage.
You hit Joseph.
Joseph is moderately wounded.
Joseph hits you with a +0 quarterstaff!
* * * LOW HITPOINT WARNING * * *
You hit Joseph.
You feel better.
Joseph is moderately wounded.
Joseph hits you but does no damage.
You puncture Joseph!
Joseph is heavily wounded.
Joseph hits you with a +0 quarterstaff.
* * * LOW HITPOINT WARNING * * *
You hit Joseph.
Joseph is heavily wounded.
Joseph hits you but does no damage.
You barely miss Joseph.
Joseph is heavily wounded.
Joseph hits you but does no damage.
You barely miss Joseph.
Joseph is heavily wounded.
You closely miss Joseph. You punch Joseph.
Joseph is heavily wounded.
Joseph hits you with a +0 quarterstaff!
You die...

....).#
#.#.#############..
#####.## #.#.# #.. #..##
#.#.##### ### ##..#
#.#.##..#
##.#######.#.##..#
#.........#'##..#
#.#...##........#
#.###..#........# #.#
#.#..♣.....### #.#
#...@........# #.#
##......###### #.#
####.....# #.#
#........##
#######'###.........####
.......)................
##..............#.###...
8#................#


You could see Joseph.

Vanquished Creatures
  Prince Ribbit (D:7)
  Sigmund (D:2)
  A steam dragon (D:7)
  A water moccasin (D:7)
  2 black bears (D:5)
  2 phantoms
  A kobold brigand (D:4)
  2 scorpions
  A howler monkey (D:6)
  2 jellies (D:5)
  2 hounds
  4 orc priests
  2 iguanas
  4 orc wizards
  4 sleepcaps
  13 gnolls
  11 adders
  2 shadow imps
  A white imp (D:7)
  2 ufetubi (D:5)
  3 dart slugs
  11 orcs
  10 endoplasms
  A giant cockroach (D:4)
  3 goblins
  7 hobgoblins
  8 jackals
  3 quokkas
  10 ball pythons
  3 bats
  26 kobolds
  7 rats
151 creatures vanquished.

Vanquished Creatures (collateral kills)
  An orc priest (D:7)
  A goblin (D:3)
2 creatures vanquished.

Vanquished Creatures (others)
  An ogre (D:7)
  2 gnolls
  2 orcs (D:7)
5 creatures vanquished.

Grand Total: 158 creatures vanquished

Notes
Turn   | Place    | Note
-------+----------+-------------------------------------------
     0 | D:1      | cforsyth the Gnoll Artificer began the quest for the Orb.
     0 | D:1      | Reached XP level 1. HP: 17/17 MP: 1/1
   106 | D:1      | Found Aqub's Antique Weapon Shop.
   293 | D:1      | Reached XP level 2. HP: 19/23 MP: 2/2
   957 | D:1      | Reached XP level 3. HP: 23/28 MP: 3/3
  1057 | D:2      | Reached skill level 1 in Invocations
  1196 | D:1      | Reached skill level 1 in Short Blades
  1196 | D:1      | Reached skill level 1 in Long Blades
  1196 | D:1      | Reached skill level 1 in Axes
  1196 | D:1      | Reached skill level 1 in Maces & Flails
  1196 | D:1      | Reached skill level 1 in Polearms
  1196 | D:1      | Reached skill level 1 in Staves
  1196 | D:1      | Reached skill level 1 in Ranged Weapons
  1196 | D:1      | Reached skill level 1 in Throwing
  1196 | D:1      | Reached skill level 1 in Shields
  1196 | D:1      | Reached skill level 1 in Unarmed Combat
  1196 | D:1      | Reached skill level 1 in Spellcasting
  1481 | D:2      | Noticed Sigmund
  1483 | D:2      | Reached XP level 4. HP: 34/34 MP: 5/5
  1483 | D:2      | Killed Sigmund
  1484 | D:2      | Reached skill level 1 in Conjurations
  1484 | D:2      | Reached skill level 1 in Hexes
  1484 | D:2      | Reached skill level 1 in Summonings
  1484 | D:2      | Reached skill level 1 in Necromancy
  1484 | D:2      | Reached skill level 1 in Translocations
  1484 | D:2      | Reached skill level 1 in Transmutations
  1484 | D:2      | Reached skill level 1 in Fire Magic
  1484 | D:2      | Reached skill level 1 in Ice Magic
  1484 | D:2      | Reached skill level 1 in Air Magic
  1484 | D:2      | Reached skill level 1 in Earth Magic
  1484 | D:2      | Reached skill level 1 in Poison Magic
  1484 | D:2      | Reached skill level 1 in Shapeshifting
  1484 | D:2      | Reached XP level 5. HP: 41/41 MP: 5/7
  1578 | D:2      | Reached XP level 6. HP: 27/47 MP: 8/8
  2278 | D:3      | Reached skill level 5 in Armour
  2701 | D:3      | Found Uwnon's Assorted Antiques.
  3106 | D:4      | Found a shadowy altar of Dithmenos.
  3106 | D:4      | Found a stormy altar of Qazlal.
  3106 | D:4      | Found an iron altar of Okawaru.
  3114 | D:4      | Found a shimmering altar of Xom.
  3115 | D:4      | Found a glowing silver altar of Zin.
  3115 | D:4      | Found a snail-covered altar of Cheibriados.
  3116 | D:4      | Found a white marble altar of Elyvilon.
  3117 | D:4      | Found a hide-covered altar of Uskayaw.
  3117 | D:4      | Found a burning altar of Makhleb.
  3118 | D:4      | Found a basalt altar of Yredelemnul.
  3135 | D:4      | Reached XP level 7. HP: 52/52 MP: 10/10
  3141 | D:4      | Reached skill level 7 in Evocations
  3567 | D:4      | Identified the +7 spear of the Shark {vamp, rElec Str+7
                  | Int+2 Dex-5}
  4578 | D:5      | Entered Level 5 of the Dungeon
  4584 | D:5      | Reached XP level 8. HP: 60/60 MP: 12/12
  4708 | D:5      | Found a staircase to the Ecumenical Temple.
  4721 | Temple   | Entered the Ecumenical Temple
  5169 | D:5      | Found a sparkling altar of Nemelex Xobeh.
  5361 | D:5      | Found an ancient bone altar of Kikubaaqudgha.
  5910 | D:6      | Found a runed translucent door.
  6013 | D:6      | Found a runed translucent door.
  6024 | D:6      | Noticed BillyBaka's ghost (novice VSMo)
  6139 | D:3      | Bought a slimy chain mail for 209 gold pieces
  6139 | D:3      | Identified the +0 chain mail "Ybaesav" {-Tele +Inv rPois}
                  | (You bought it in a shop on level 3 of the Dungeon)
  6142 | D:3      | Bought a scroll labelled QIUGOI ITEURAS for 22 gold pieces
  6142 | D:3      | Bought a bubbling grey potion for 19 gold pieces
  6142 | D:3      | Bought a scroll labelled QIUGOI ITEURAS for 22 gold pieces
  6722 | D:7      | Reached XP level 9. HP: 64/66 MP: 14/14
  6736 | D:7      | HP: 3/66 [steam dragon] (8)]
  6836 | D:7      | Noticed a manticore
  6878 | D:7      | Noticed Joseph
  6902 | D:7      | Noticed Prince Ribbit
  6914 | D:7      | Killed Prince Ribbit
  7034 | D:7      | Slain by Joseph

Illustrated notes

Levels and vault maps discovered:
D:1:      minmay_arrival_doors, layout_loops_ring, serial_shops, shop,
          amcnicky_mini_rare_corridor_liquid, palyth_stone_intersect
D:2:      layout_loops_ring, minmay_stone_trees_large, minmay_pentomino_s4,
          uniq_sigmund
D:3:      layout_loops_ring, serial_shops, shop, nicolae_twisty_statue_hallways
D:4:      kennysheep_kobold_camp, layout_gridville, nicolae_overflows_in_rows,
          chequers_serial_rivers_large_a
D:5:      layout_loops_corners, mainiacjoe_overflow_paths, kennysheep_mini,
          minmay_temple_entry_gardened_gates, st_stairs_4
D:6:      layout_loops_ring, ebering_ghost_sewer_f, minmay_misc_feat_enclosed,
          kennysheep_boxes
D:7:      layout_basic, nicolae_ossuary_entry_catacombs, serial_corexii_hall,
          corexii_hall_statues_x, corexii_hall_statues_i,
          corexii_hall_statues_deadend, uniq_joseph, uniq_prince_ribbit1
Temple:   corrupted_temple

Skill      XL: |  1  2  3  4  5  6  7  8  9 |
---------------+----------------------------+-----
Invocations    | 1 2 3 4 |  4.5
Short Blades   | 1 2 3 4 |  4.0
Long Blades    | 1 2 3 4 |  4.0
Axes           | 1 2 3 4 |  4.0
Maces & Flails | 1 2 3 4 |  4.0
Polearms       | 1 2 3 4 |  4.0
Staves         | 1 2 3 4 |  4.0
Ranged Weapons | 1 2 3 4 |  4.0
Throwing       | 1 2 3 4 |  4.0
Shields        | 1 2 3 4 |  4.0
Unarmed Combat | 1 2 3 4 |  4.0
Spellcasting   | 1 2 3 4 |  4.0
Fighting       | 3 4 |  4.9
Dodging        | 3 4 |  4.9
Conjurations   | 1 2 3 |  3.3
Hexes          | 1 2 3 |  3.3
Summonings     | 1 2 3 |  3.3
Necromancy     | 1 2 3 |  3.3
Translocations | 1 2 3 |  3.3
Transmutations | 1 2 3 |  3.3
Fire Magic     | 1 2 3 |  3.3
Ice Magic      | 1 2 3 |  3.3
Air Magic      | 1 2 3 |  3.3
Earth Magic    | 1 2 3 |  3.3
Poison Magic   | 1 2 3 |  3.3
Shapeshifting  | 1 2 3 |  3.3
Stealth        | 3 4 |  4.7
Armour         | 5 6 |  6.2
Evocations     | 7 |  7.8

Action                     |  1- 3 |  4- 6 |  7- 9 || total
---------------------------+-------+-------+-------++-------
  Melee: Club              |    31 |       |       ||    31
         Bite              |     8 |    17 |    45 ||    70
         Short sword       |    62 |   119 |    56 ||   237
         Punch             |     1 |     5 |     9 ||    15
         Spear             |       |       |   276 ||   276
  Evoke: Wand              |     2 |    10 |    23 ||    35
    Use: Scroll            |       |       |     4 ||     4
         Potion            |       |       |     6 ||     6
   Stab: Sleeping          |       |     2 |       ||     2
 Armour: Leather armour    |    16 |       |       ||    16
         Ring mail         |    17 |    23 |       ||    40
         Plate armour      |       |     9 |   163 ||   172
         Skin              |       |       |     7 ||     7
  Dodge: Dodged            |    83 |    52 |    82 ||   217

Table legend: (Time is in decaauts)
 A = Elapsed time spent in this place.
 B = Non-inter-level travel time spent in this place.
 C = Inter-level travel time spent in this place.
 D = Time resting spent in this place.
 E = Time spent auto-exploring this place.
 F = Levels seen in this place.
 G = Mean time per level.
                   A        B        C        D        E       F      G
               +--------+--------+--------+--------+--------+-----+--------+
         Total |   7020 |   6540 |    480 |    709 |   4223 |   8 |  877.5 |
       Dungeon |   6900 |   6430 |    470 |    616 |   4223 |   7 |  985.7 |
        Temple |    120 |    111 |      9 |     93 |      0 |   1 |  120.0 |
               +--------+--------+--------+--------+--------+-----+--------+

Top non-repeatable levels by time:
     D:3: 1374 daAuts
     D:1: 1316 daAuts
     D:4: 1185 daAuts
     D:5: 1113 daAuts
     D:2: 844 daAuts
     D:6: 760 daAuts
     D:7: 305 daAuts
  Temple: 120 daAuts
